 Dungeon Crawl Stone Soup version 0.30.0-29-ga12c61a403 (webtiles) character file.

Game seed: 14989202410804888434

3259 monsoonserge the Thaumaturge (level 10, -3/65 HPs)
             Began as a Djinni Fire Elementalist on June 23, 2023.
             Was an Initiate of Gozag.
             Killed by the air
             ... invoked by Gastronok
              (27 damage)
             ... on level 8 of the Dungeon.
             The game lasted 00:38:11 (6463 turns).

monsoonserge the Thaumaturge (DjFE)                 Turns: 6463, Time: 00:38:14

Health: -3/65      AC:  4    Str:  7    XL:     10   Next: 19%
Gold:   514        EV: 22    Int: 22    God:    Gozag SH:  0 Dex: 13

rFire   + + +        i - staff of fire
rCold   x . .        (no shield)
rNeg    . . .        t - +0 leather armour
rPois   ∞            y - +0 helmet
rElec   .            (no cloak)
rCorr   .            (no gloves)
SInv    .            (boots unavailable)
Will    +....        (no amulet)
Stlth   ++           N - +5 ring of evasion
HPRegen 0.30/turn    D - +5 ring of evasion
MPRegen 0.00/turn

%: infuse magic (-4 HP)
@: gold aura, flying
A: sickness immunity, fire resistance 2, cold vulnerability 1, float, innate
caster, HP casting, extra vitality 1
a: Renounce Religion, Potion Petition, Call Merchant, Bribe Branch


You were on level 8 of the Dungeon.
You worshipped Gozag.
Gozag was pleased with you.
You visited 2 branches of the dungeon, and saw 9 of its levels.

You collected 605 gold pieces.
You paid 91 gold pieces to Gozag.

Inventory:

Hand Weapons
 n - a +0 arbalest
 p - a +2 heavy hand axe
 z - a +5 halberd
 J - a +0 short sword of holy wrath
 Q - a +5 mace
Missiles
 K - a throwing net
 R - 3 poisoned darts
Armour
 l - a +0 ring mail
 t - a +0 leather armour (worn)
 y - a +0 helmet (worn)
 E - the +0 scale mail of Risosot {Int+6}
   (You found it on level 5 of the Dungeon)

   Int:       It affects your intelligence (+6).
Magical Staves
 i - a staff of fire (weapon)
Jewellery
 x - a ring of resist corrosion
 D - a +5 ring of evasion (right hand)
 N - a +5 ring of evasion (left hand)
Wands
 q - a wand of roots (10)
 C - a wand of charming (7)
 F - a wand of light (7)
 H - a wand of flame (19)
 L - a wand of polymorph (9)
Scrolls
 b - 7 scrolls of identify
 g - a scroll of poison {unknown}
 h - a scroll of amnesia {unknown}
 m - a scroll of enchant weapon {unknown}
 o - 2 scrolls of enchant armour
 r - 4 scrolls of teleportation {unknown}
 s - 2 scrolls of magic mapping
 v - 3 scrolls of vulnerability
 w - a scroll of acquirement {unknown}
 G - a scroll of fear {unknown}
 I - a scroll of blinking {unknown}
 O - a scroll of summoning {unknown}
 T - a scroll of brand weapon {unknown}
Potions
 c - a potion of berserk rage {unknown}
 d - 5 potions of curing {unknown}
 e - 3 potions of heal wounds
 f - a potion of degeneration {unknown}
 j - 4 potions of flight {unknown}
 k - 5 potions of brilliance
 u - 2 potions of haste {unknown}
 B - a potion of magic {unknown}
 M - a potion of lignification {unknown}
 P - 2 potions of resistance
 S - a potion of might {unknown}
Miscellaneous
 A - a piece from Xom's chessboard (15/15)


   Skills:
 * Level 2.3 Fighting
 + Level 0.1 Staves
 * Level 4.7 Armour
 + Level 3.9 Dodging
 - Level 2.0 Stealth
 * Level 9.5 Spellcasting
 - Level 1.0 Invocations
 + Level 1.1 Evocations


You knew the following spells:

 Your Spells              Type           Power      Damage    Failure   Level
a - Foxfire               Conj/Fire      100%       2x1d9     1%          1
b - Scorch                Fire           100%       2d9       1%          2
c - Volatile Blastmotes   Fire/Tloc      100%       2d18      1%          3
d - Inner Flame           Hex/Fire       68%        N/A       1%          3
e - Flame Wave            Conj/Fire      68%        2d15      1%          4
f - Summon Small Mammal   Summ           100%       N/A       1%          1
g - Momentum Strike       Conj/Tloc      100%       3d10      1%          2
h - Summon Guardian Gole  Hex/Summ       51%        N/A       1%          3
i - Anguish               Hex/Necr       25%        N/A       1%          4
Your spell library was empty.

Dungeon Overview and Level Annotations

Branches:
Dungeon (8/15)             Temple (1/1) D:5
   Lair: D:8-11

Altars:
Ashenzari
Cheibriados
Elyvilon
Gozag
Hepliaklqana
Makhleb
Nemelex Xobeh
Okawaru
Qazlal
Ru
Trog
Uskayaw
Wu Jian
Xom
Yredelemnul
Zin
The Shining One

Annotations:
D:8 Gastronok


Innate Abilities, Weirdness & Mutations

You are immune to sickness and miasma.
You are immune to poison.
Your flesh is very heat resistant. (rF++)
You are vulnerable to cold. (rC-)
You float through the air rather than walking.
You learn spells naturally, not from books.
Your magical power is your life essence.
You have superior vitality. (+4 MHP)


Message History

You hear an angry growl.
Prince Ribbit closely misses you.
A wave of flame ripples out!
The flame wave engulfs Gastronok!!
Gastronok is lightly wounded.
The flame wave engulfs Prince Ribbit!!
You kill Prince Ribbit!
Prince Ribbit returns to his original shape as he dies.
You finish channelling waves of flame.
Gastronok mumbles some strange words.
Casting: Flame Wave (dangerous; 1% risk of failure)
Confirm with . or Enter, or press ? or * to list all spells.
Casting: Flame Wave (dangerous; 1% risk of failure)
Press: ? - help, Dir - look around, f - activate You feel a surge of power!
A wave of flame ripples out!
The flame wave engulfs the river rat!
The river rat is severely wounded.
The flame wave engulfs Gastronok.
Gastronok is moderately wounded. (Press . to intensify the flame waves.)
The river rat closely misses you.
A wave of flame ripples out!
The flame wave engulfs the river rat!
You kill the river rat!
The river rat's corpse disappears in a puff of smoke!
The flame wave engulfs Gastronok!!
Gastronok is moderately wounded.
You hear a shout!
A black bear comes into view.
Gastronok bites you!!
A wave of flame ripples out!
The flame wave engulfs Gastronok!!
Gastronok is heavily wounded.
You finish channelling waves of flame.
Casting: Flame Wave (dangerous; 1% risk of failure)
Confirm with . or Enter, or press ? or * to list all spells.
You feel a surge of power!
Flames lash Gastronok.
Gastronok is heavily wounded.
Gastronok's fire resistance burns away.
Gastronok waves his eye-stalks in wide circles.
The air twists around and strikes you!!
You die...
Your body crumbles into a pile of gold.

. .P .P.$ $
...P
..########...P.
........$.....P
......§@w...h..
.#########.....
##P $


You could see Gastronok (combustible) and a black bear.

Vanquished Creatures
  Prince Ribbit (D:8)
  Grinder (D:6)
  A shadow (D:6)
  4 yaks (D:7)
  Duvessa (D:6)
  An ice beast (D:5)
  A black bear (D:5)
  A sky beast (D:7)
  An ogre (D:6)
  A kobold brigand (D:7)
  2 phantoms
  Blork the orc (D:4)
  4 bullfrogs
  6 scorpions
  4 wights (D:6)
  Dowan (D:6)
  2 howler monkeys
  A jelly (D:7)
  2 hounds
  A gnoll bouda (D:5)
  2 orc priests
  2 iguanas
  A sleepcap (D:6)
  An orc wizard (D:5)
  Robin (D:4)
  3 gnolls (D:5)
  8 adders
  3 white imps
  2 worms (D:2)
  2 dart slugs (D:3)
  12 orcs
  3 ball pythons
  4 endoplasms
  5 giant cockroaches
  13 goblins
  10 hobgoblins
  4 jackals (D:4)
  3 quokkas
  2 training dummies (D:6)
  8 bats
  3 frilled lizards
  7 kobolds
  4 rats
  A butterfly (D:4)
141 creatures vanquished.

Vanquished Creatures (collateral kills)
  A foxfire (D:5)
1 creature vanquished.

Vanquished Creatures (others)
  318 foxfires
318 creatures vanquished.

Grand Total: 460 creatures vanquished

Notes
Turn   | Place    | Note
-------+----------+-------------------------------------------
     0 | D:1      | monsoonserge the Djinni Fire Elementalist began the quest
                  | for the Orb.
     0 | D:1      | monsoonserge set off with the following spells memorised:
                  | Foxfire, Scorch, Volatile Blastmotes, Inner Flame, Flame
                  | Wave.
     0 | D:1      | Reached XP level 1. HP: 15/15 MP: 0/0
   163 | D:1      | Reached XP level 2. HP: 19/21 MP: 0/0
   280 | D:1      | Reached skill level 3 in Spellcasting
   596 | D:1      | Reached XP level 3. HP: 22/25 MP: 0/0
   596 | D:1      | Learned a level 1 spell: Summon Small Mammal
   704 | D:2      | Found a faded altar of an unknown god.
   833 | D:2      | Reached XP level 4. HP: 29/31 MP: 0/0
  1244 | D:2      | Found a hide-covered altar of Uskayaw.
  1549 | D:3      | Found a hazy altar of Hepliaklqana.
  1601 | D:3      | Reached XP level 5. HP: 35/35 MP: 0/0
  1601 | D:3      | Learned a level 2 spell: Momentum Strike
  1609 | D:3      | Reached skill level 4 in Spellcasting
  2223 | D:4      | Reached skill level 1 in Evocations
  2335 | D:4      | Noticed Robin
  2341 | D:4      | Killed Robin
  2674 | D:4      | Found a shimmering altar of Xom.
  2793 | D:4      | Reached XP level 6. HP: 37/41 MP: 0/0
  2946 | D:4      | Noticed Blork the orc
  2964 | D:5      | Entered Level 5 of the Dungeon
  2964 | D:5      | Found a staircase to the Ecumenical Temple.
  3063 | D:5      | Identified the +0 scale mail "Qacwug" {Int+2 Dex+3}
  3071 | D:5      | Noticed a black bear
  3080 | Temple   | Entered the Ecumenical Temple
  3156 | Temple   | Became a worshipper of Elyvilon the Healer
  3199 | D:5      | Killed a black bear
  3200 | D:5      | Reached skill level 1 in Armour
  3356 | D:5      | Identified the +0 scale mail of Risosot {Int+6}
  3430 | D:5      | Reached XP level 7. HP: 28/46 MP: 0/0
  3430 | D:5      | Learned a level 3 spell: Summon Guardian Golem
  3677 | D:4      | Reached skill level 1 in Fighting
  3677 | D:4      | Reached skill level 5 in Spellcasting
  3712 | D:4      | Killed Blork the orc
  3852 | D:5      | Reached * piety under Elyvilon
  3900 | D:5      | Found a snail-covered altar of Cheibriados.
  3972 | D:5      | Found a hide-covered altar of Uskayaw.
  4146 | D:5      | Found a burning altar of Makhleb.
  4147 | D:5      | Found an opulent altar of Gozag.
  4352 | D:5      | Reached XP level 8. HP: 39/52 MP: 0/0
  4622 | D:6      | Noticed Duvessa
  4622 | D:6      | Noticed Dowan
  4631 | D:6      | Killed Duvessa
  4632 | D:6      | Reached skill level 6 in Spellcasting
  4633 | D:6      | Killed Dowan
  4708 | D:6      | Reached skill level 1 in Invocations
  4889 | D:6      | Noticed a shadow
  4894 | D:6      | Reached ** piety under Elyvilon
  4898 | D:6      | Killed a shadow
  5016 | D:6      | Found a sparkling altar of Nemelex Xobeh.
  5082 | D:6      | Noticed Grinder
  5090 | D:6      | Killed Grinder
  5091 | D:6      | Reached skill level 7 in Spellcasting
  5091 | D:6      | Reached XP level 9. HP: 38/57 MP: 0/0
  5091 | D:6      | Learned a level 4 spell: Anguish
  5173 | D:5      | Fell from the grace of Elyvilon
  5173 | D:5      | Became a worshipper of Gozag Ym Sagoz the Greedy
  5609 | D:7      | Reached skill level 8 in Spellcasting
  5988 | D:7      | Reached skill level 9 in Spellcasting
  5988 | D:7      | Reached XP level 10. HP: 39/64 MP: 0/0
  6367 | D:8      | Noticed Prince Ribbit
  6375 | D:8      | Noticed Gastronok
  6459 | D:8      | Killed Prince Ribbit
  6463 | D:8      | Killed from afar by Gastronok

Illustrated notes

Levels and vault maps discovered:
D:1:      dpeg_arrival_subterranean_lakeside_camping, layout_basic,
          minmay_misc_feat_x, minmay_pentomino_x2
D:2:      layout_basic, nicolae_ecumenical_pavilion, basic_altar, st_stairs_9,
          eino_tiny_chamber
D:3:      layout_basic, overflow_temple_1_default, minmay_misc_feat_tower,
          corexii_item_surrounded_by_moat
D:4:      layout_basic, xom_butterflies, minivault_23, uniq_blork_the_orc,
          uniq_robin
D:5:      layout_basic, mainiacjoe_overflow_alcove_1,
          nicolae_overflow_two_pavilions, eat_drink_and_be_merry_uskayaw,
          nicolae_vehumet_radiance, minmay_temple_entry_trees
D:6:      dreamdust_elfheim, layout_rooms, lemuel_coloured_pillars_altar,
          uniq_grinder
D:7:      layout_basic
D:8:      layout_loops_ring, kennysheep_orc_sif_temple,
          mainiacjoe_overflow_alcove_2, grunt_lair_entry_orc_guard_hut,
          serial_shops, nicolae_shop_overgrown_old_shop,
          chequers_serial_rivers_micro_e, uniq_prince_ribbit1, uniq_gastronok,
          uniq_erica
Temple:   jpeg_temple_clearing

Skill      XL: |  1  2  3  4  5  6  7  8  9 |
---------------+----------------------------+-----
Spellcasting   | 3 4 5 7 9 |  9.5
Evocations     | 1 |  1.1
Dodging        | 3 |  3.9
Armour         | 1 2 4 |  4.7
Fighting       | 1 2 |  2.3
Stealth        | 2 |  2.0
Invocations    | 1 |  1.0
Staves         | |  0.1

Action                     |  1- 3 |  4- 6 |  7- 9 | 10-12 || total
---------------------------+-------+-------+-------+-------++-------
  Melee: Unarmed           |    12 |       |       |       ||    12
         Dagger            |     6 |       |       |       ||     6
         Staff             |     3 |    20 |     9 |     2 ||    34
   Cast: Foxfire           |    36 |    67 |    80 |     7 ||   190
         Scorch            |     7 |    23 |    45 |     4 ||    79
         Inner Flame       |       |     2 |     2 |       ||     4
         Volatile Blastmot |       |     1 |     4 |       ||     5
         Flame Wave        |       |     1 |     4 |     3 ||     8
         Summon Small Mamm |       |       |     1 |       ||     1
         Anguish           |       |       |     1 |     1 ||     2
  Evoke: Wand              |       |       |     1 |       ||     1
    Use: Scroll            |       |       |     5 |       ||     5
 Armour: Robe              |     5 |       |       |       ||     5
         Leather armour    |       |    12 |     4 |     1 ||    17
  Dodge: Dodged            |    27 |    32 |    32 |    13 ||   104
